 Dungeon Crawl Stone Soup version 0.26.1-11-gd32895ea62 (webtiles) character file.

Game seed: 3183164964440171067

54107 ksljljj the Bludgeoner (level 14, -6/149 HPs)
             Began as a Troll Berserker on June 4, 2021.
             Was a High Priest of Trog.
             Mangled by a tyrant leech (15 damage)
             ... on level 6 of the Lair of Beasts.
             The game lasted 02:47:38 (21683 turns).

ksljljj the Bludgeoner (Troll Berserker)           Turns: 21683, Time: 02:47:38

Health: -6/149     AC: 11    Str: 40    XL:     14   Next: 33%
Magic:  13/13      EV: 14    Int:  3    God:    Trog [*****.]
Gold:   1129       SH:  0    Dex:  9    Spells: 13/13 levels left

rFire    . . .     SeeInvis .   O - +4 dire flail
rCold    x . .     Faith    +   (shield currently unavailable)
rNeg     . . .     Spirit   .   a - +2 robe of the Sunfish {rElec rC- Will+ Str+2}
rPois    .         Reflect  .   R - +2 hat
rElec    +         Harm     .   N - +0 cloak
rCorr    .         Rampage  .   (gloves unavailable)
Will     ++...                  (boots unavailable)
Stlth    +.........             t - amulet of faith
HPRegen  0.74/turn              D - +4 ring of evasion
MPRegen  0.13/turn              n - +6 ring of strength

@: no status effects
A: large, unfitting armour, claws 3, regeneration 1, shaggy fur 1, tough skin 3
a: Renounce Religion, Berserk, Trog's Hand, Brothers in Arms


You were on level 6 of the Lair of Beasts.
You worshipped Trog.
Trog was extremely pleased with you.
You visited 2 branches of the dungeon, and saw 17 of its levels.
You also visited: Ossuary and Volcano.

You collected 1337 gold pieces.
You spent 208 gold pieces at shops.

Inventory:

Hand Weapons
 z - the +1 executioner's axe of Peril {flame, rF+}
   (Trog gifted it to you on level 4 of the Lair of Beasts)

   It has been specially enchanted to burn those struck by it, causing extra
   injury to most foes and up to half again as much damage against particularly
   susceptible opponents.
   Big, fiery blades are also staple armaments of hydra-hunters.
   It protects you from fire.
 E - a +2 antimagic dire flail
 O - a +4 dire flail (weapon)
 Y - a +5 giant spiked club of flaming
Missiles
 g - 428 stones (quivered)
 p - 6 boomerangs
 v - 2 boomerangs of dispersal
 G - 2 atropa-tipped darts
 I - 5 curare-tipped darts
 U - 74 poisoned darts
Armour
 a - the +2 robe of the Sunfish (worn) {rElec rC- Will+ Str+2}
   (You found it on level 10 of the Dungeon)

   It affects your strength (+2).
   It makes you vulnerable to cold.
   It insulates you from electricity.
   It affects your willpower, your defense against some magical effects.
 c - a +0 kite shield of fire resistance
 N - a +0 cloak (worn)
 R - a +2 hat (worn)
Jewellery
 d - an uncursed amulet of the acrobat
 n - a +6 ring of strength (right claw)
 r - an uncursed ring of protection from fire
 t - an amulet of faith (around neck)
 x - an uncursed ring of protection from cold
 B - an uncursed ring of see invisible
 D - a +4 ring of evasion (left claw)
 M - an uncursed ring of protection from fire
 W - a +4 ring of evasion
Wands
 f - a wand of flame (21)
 H - a wand of digging (1)
 Q - a wand of paralysis (26)
 S - a wand of acid (22)
 Z - a wand of iceblast (7)
Scrolls
 h - 9 scrolls of remove curse
 i - 3 scrolls of magic mapping
 k - 7 scrolls of fear
 m - 8 scrolls of identify
 o - 4 scrolls of amnesia
 q - 4 scrolls of blinking
 w - 2 scrolls of enchant weapon
 y - a scroll of holy word
 A - 2 scrolls of enchant armour
 C - 6 scrolls of teleportation
 L - 2 scrolls of vulnerability
Potions
 b - 3 potions of berserk rage
 e - 7 potions of might
 j - 5 potions of flight
 l - a potion of curing
 s - 4 potions of resistance
 u - 4 potions of haste


   Skills:
 - Level 12.0 Fighting
 + Level 18.3 Maces & Flails
 - Level 1.0 Throwing
 - Level 2.4 Dodging
 - Level 0.1 Summonings


You had 13 spell levels left.
You didn't know any spells.
Your spell library was empty.

Dungeon Overview and Level Annotations

Branches:
Dungeon (11/15)            Temple (0/1) D:6            Lair (6/6) D:9
  Swamp (0/4) Lair:2        Snake (0/4) Lair:2        Slime (0/5) Lair:6
    Orc (0/2) D:11        Ossuary (visited)         Volcano (visited)

Altars:
Trog
Wu Jian
Xom
Zin

Shops:
D:4 (

Portals:
Trove: D:11 (give +3 ice dragon scales)

Annotations:
Lair:6 1 runed translucent door


Innate Abilities, Weirdness & Mutations

You are too large for most types of armour.
You have claws for hands.
Your natural rate of healing is unusually fast.
You are covered in fur. (AC +1)
You have extremely tough skin. (AC +3)


Message History

The tyrant leech is severely wounded.
The tyrant leech bites you!
* * * LOW HITPOINT WARNING * * *
The tyrant leech draws strength from your injuries!
You sock the tyrant leech!
The tyrant leech is severely wounded.
You closely miss the tyrant leech.
The tyrant leech is severely wounded.
The tyrant leech barely misses you.
You barely miss the tyrant leech.
The tyrant leech is severely wounded.
You thump the tyrant leech!
The tyrant leech is almost dead.
The tyrant leech bites you but does no damage.
You hit the tyrant leech.
The tyrant leech is almost dead.
You barely miss the tyrant leech.
The tyrant leech is almost dead.
The tyrant leech bites you!
You die...

##......##.#.#.#..##.†.
######.###.#<#...##...
#### ### ######.......
##..## #####
#..#....#.. ##....#
##...### ###....##..
#.....## ##......#
#.......†.# ##†....#
#......## #.....#..##
#.....## ##(...?##
##...#.#### #..####
#....@.# ##.....## #
#..### ####..w###
#..##### $
##...####.#..(## #...#
$$ ##...##.#...#.#
##..## $$
##........#### ##..##
$.$ ######.......#.##
#...###$$
##...##.#.(....#.#
##...#+#
#.....#####..w..###
###...## #†..?#
###...÷.### #.##8..#


You could see a tyrant leech.

Vanquished Creatures
  Gastronok (Lair:2)
  Josephine (D:9)
  4 hydras
  A catoblepas (Lair:5)
  5 two-headed ogres
  8 death yaks
  2 lindwurms (Lair:6)
  A necromancer (D:9)
  An oklob plant (Lair:2)
  12 elephants (Lair:6)
  5 black mambas
  Joseph (D:8)
  An eye of devastation (Lair:6)
  6 torpor snails
  2 gargoyles
  13 cane toads
  An efreet (Volcano)
  2 rime drakes
  8 komodo dragons
  2 trolls
  A polar bear (Lair:6)
  Grinder (D:4)
  7 hornets
  2 tyrant leeches (Lair:6)
  A slime creature (D:5)
  A dream sheep (Lair:5)
  10 blink frogs
  4 flying skulls (D:9)
  4 wraiths
  25 yaks
  2 wyverns (D:8)
  Grum (D:10)
  3 shadows (D:9)
  3 fire elementals (Volcano)
  The ghost of nomophobia the Covered, an amateur DsAK of Lugonu (D:3)
  4 basilisks
  A warg (Lair:6)
  2 nagas (Lair:2)
  9 water moccasins
  A hell hound (Lair:6)
  2 ice beasts
  2 black bears
  3 sky beasts
  7 orc warriors
  A necrophage (D:10)
  2 eyes of draining
  A phantom (D:10)
  21 wolves
  7 ogres
  4 centaurs
  2 big kobolds
  12 bullfrogs
  8 gnoll sergeants (D:11)
  A wyvern zombie (D:10)
  A wyvern skeleton (D:10)
  8 scorpions
  A water moccasin zombie (D:11)
  8 wights
  3 electric eels (Lair:1)
  7 howler monkeys
  3 bullfrog zombies
  A centaur zombie (D:8)
  5 hounds
  6 jellies
  4 orc priests
  2 iguanas
  9 bullfrog skeletons
  A centaur skeleton (D:9)
  A gnoll shaman (D:5)
  7 orc wizards
  13 worker ants
  2 hell rats (Lair:4)
  A killer bee zombie (D:9)
  A hound zombie (D:3)
  13 mummies (Ossuary)
  2 howler monkey zombies
  3 worker ant zombies
  Robin (D:3)
  13 gnolls
  4 howler monkey skeletons
  14 adders
  8 river rats (Lair:4)
  3 shadow imps
  5 ufetubi
  5 oozes (D:5)
  7 adder zombies
  3 adder skeletons
  2 worms
  3 dart slugs
  4 leopard geckos
  40 orcs
  11 bats
  5 giant cockroaches
  11 goblins
  9 hobgoblins
  9 jackals
  13 kobolds
  7 quokkas
  2 frilled lizards (D:2)
  2 gnoll skeletons (Ossuary)
  2 goblin skeletons (Ossuary)
  2 kobold skeletons (Ossuary)
  An orc skeleton (Ossuary)
  A quokka skeleton (D:5)
  7 rats
  10 rat skeletons (Ossuary)
539 creatures vanquished.

Vanquished Creatures (collateral kills)
  A hydra (Lair:2)
  A black mamba (Lair:2)
  4 dream sheep (Lair:5)
  2 water moccasins (Lair:2)
  2 wolves (Lair:2)
  A bullfrog (Lair:2)
11 creatures vanquished.

Vanquished Creatures (others)
  An elephant (Lair:6)
  An orc skeleton (Ossuary)
  A rat skeleton (Ossuary)
  A bush (Lair:6)
  35 fungi
  77 plants
  13 toadstools
129 creatures vanquished.

Grand Total: 679 creatures vanquished

Notes
Turn   | Place    | Note
-------+----------+-------------------------------------------
     0 | D:1      | ksljljj the Troll Berserker began the quest for the Orb.
     0 | D:1      | Reached XP level 1. HP: 22/22 MP: 0/0
    62 | D:1      | Reached skill level 3 in Maces & Flails
   119 | D:1      | Reached XP level 2. HP: 29/29 MP: 1/1
   182 | D:1      | You fall into a shaft and drop 1 floor!
   466 | D:1      | Reached XP level 3. HP: 33/36 MP: 2/2
   767 | D:1      | Reached skill level 4 in Maces & Flails
   840 | D:2      | Reached XP level 4. HP: 23/44 MP: 3/3
  1226 | D:2      | Reached ** piety under Trog
  1642 | D:3      | Reached skill level 5 in Maces & Flails
  1725 | D:3      | Noticed Robin
  1805 | D:3      | Reached XP level 5. HP: 43/50 MP: 4/4
  1904 | D:3      | Found a runed translucent gate.
  1904 | D:3      | Found a runed translucent gate.
  1904 | D:3      | Found a runed translucent gate.
  2289 | D:3      | Killed Robin
  2505 | D:3      | Noticed nomophobia's ghost (amateur DsAK)
  2796 | D:3      | Killed nomophobia's ghost
  2797 | D:3      | Reached skill level 6 in Maces & Flails
  2797 | D:3      | Reached XP level 6. HP: 44/59 MP: 5/5
  3098 | D:4      | Found a sand-covered staircase.
  3124 | Ossuary  | Entered an ossuary
  3139 | Ossuary  | Reached skill level 7 in Maces & Flails
  3277 | Ossuary  | Reached *** piety under Trog
  3343 | Ossuary  | Reached XP level 7. HP: 46/66 MP: 6/6
  3896 | D:4      | Reached skill level 8 in Maces & Flails
  4012 | D:4      | Found Luesch's Antique Weapon Shoppe.
  4271 | D:4      | Found a sparkling altar of Nemelex Xobeh.
  4273 | D:4      | Found a shimmering altar of Xom.
  4273 | D:4      | Found an ornate altar of the Wu Jian Council.
  4274 | D:4      | Noticed Grinder
  4275 | D:4      | Found a bloodstained altar of Trog.
  4275 | D:4      | Found a shimmering altar of Xom.
  4275 | D:4      | Found a bloodstained altar of Trog.
  4297 | D:4      | Paralysed by Grinder for 3 turns
  4306 | D:4      | Killed Grinder
  4391 | D:4      | Reached skill level 9 in Maces & Flails
  4391 | D:4      | Reached XP level 8. HP: 71/74 MP: 7/7
  4610 | D:5      | Entered Level 5 of the Dungeon
  4725 | D:5      | You fall into a shaft and drop 2 floors!
  4799 | D:6      | Found a staircase to the Ecumenical Temple.
  4926 | D:5      | Got a smoking dagger
  5050 | D:5      | Reached **** piety under Trog
  5338 | D:5      | Reached skill level 10 in Maces & Flails
  5344 | D:5      | Noticed a slime creature
  5404 | D:5      | Killed a slime creature
  5563 | D:5      | Reached skill level 1 in Throwing
  6073 | D:6      | Reached XP level 9. HP: 80/80 MP: 8/8
  6378 | D:6      | Reached skill level 11 in Maces & Flails
  6969 | D:4      | Bought a slimy mace for 208 gold pieces
  6969 | D:4      | Identified the cursed +1 mace of Ronutsep {elec, Dex+2}
                  | (You bought it in a shop on level 4 of the Dungeon)
  7327 | D:7      | Reached ***** piety under Trog
  7929 | D:7      | Found a glowing silver altar of Zin.
  8233 | D:8      | Reached skill level 12 in Maces & Flails
  8329 | D:8      | Noticed a two-headed ogre
  8338 | D:8      | Killed a two-headed ogre
  8473 | D:8      | Reached XP level 10. HP: 94/94 MP: 9/9
  8720 | D:8      | Noticed Joseph
  8731 | D:8      | Killed Joseph
  8731 | D:8      | Received a gift from Trog
  8799 | D:8      | Noticed a gargoyle
  8809 | D:8      | Killed a gargoyle
  8810 | D:8      | Reached skill level 5 in Fighting
  9092 | D:8      | Reached skill level 13 in Maces & Flails
  9110 | D:8      | Noticed a two-headed ogre
  9118 | D:8      | Killed a two-headed ogre
  9429 | D:9      | Noticed a two-headed ogre
  9436 | D:9      | Killed a two-headed ogre
  9576 | D:9      | Found a staircase to the Lair.
  9779 | D:9      | Reached XP level 11. HP: 94/107 MP: 10/10
 10398 | D:9      | Noticed a necromancer
 10422 | D:9      | Reached skill level 14 in Maces & Flails
 10431 | D:9      | Killed a necromancer
 10503 | D:9      | Noticed Josephine
 10512 | D:9      | Killed Josephine
 10605 | D:9      | Received a gift from Trog
 10780 | D:10     | Entered Level 10 of the Dungeon
 10810 | D:10     | Noticed Grum
 10821 | D:10     | Killed Grum
 11571 | D:10     | Identified the +2 robe of the Sunfish {rElec rC- Will+
                  | Str+2} (You found it on level 10 of the Dungeon)
 11888 | D:11     | Noticed a two-headed ogre
 11898 | D:11     | Killed a two-headed ogre
 12033 | D:11     | Reached skill level 10 in Fighting
 12092 | D:11     | Noticed a two-headed ogre
 12097 | D:11     | Killed a two-headed ogre
 12236 | D:11     | Found a portal to a secret trove of treasure.
 12382 | D:10     | Reached XP level 12. HP: 103/127 MP: 11/11
 12809 | D:11     | Found a staircase to the Orcish Mines.
 12946 | Lair:1   | Entered Level 1 of the Lair of Beasts
 14234 | Lair:2   | Noticed a six-headed hydra
 14240 | Lair:2   | Killed a six-headed hydra
 14240 | Lair:2   | Received a gift from Trog
 14361 | Lair:2   | Found a staircase to the Swamp.
 14379 | Lair:2   | Noticed a seven-headed hydra
 14400 | Lair:2   | Killed a seven-headed hydra
 14438 | Lair:2   | Found a staircase to the Snake Pit.
 14933 | Lair:2   | Noticed Gastronok
 14950 | Lair:2   | Killed Gastronok
 15614 | Lair:3   | Found a dark tunnel.
 15656 | Volcano  | Entered a volcano
 16036 | Lair:3   | Reached skill level 15 in Maces & Flails
 16071 | Lair:3   | Noticed a five-headed hydra
 16077 | Lair:3   | Killed a five-headed hydra
 16090 | Lair:3   | Reached XP level 13. HP: 140/140 MP: 12/12
 17371 | Lair:4   | Received a gift from Trog
 17389 | Lair:4   | Got an ebony executioner's axe {god gift}
 17390 | Lair:4   | Identified the +1 executioner's axe of Peril {flame, rF+}
                  | (Trog gifted it to you on level 4 of the Lair of Beasts)
 17959 | Lair:5   | Reached skill level 16 in Maces & Flails
 18970 | Lair:6   | Entered Level 6 of the Lair of Beasts
 19335 | Lair:6   | Reached skill level 17 in Maces & Flails
 19395 | Lair:6   | Received a gift from Trog
 19795 | Lair:6   | Reached XP level 14. HP: 112/149 MP: 13/13
 20081 | Lair:6   | Found a staircase to the Slime Pits.
 20206 | Lair:6   | HP: 2/149 [disintegration (12)]
 20711 | Lair:6   | Found a runed translucent door.
 20739 | Lair:6   | Paralysed by a hornet for 2 turns
 20747 | Lair:6   | Paralysed by a hornet for 1 turns
 21036 | Lair:6   | Reached skill level 18 in Maces & Flails
 21128 | Lair:6   | Paralysed by a hornet for 2 turns
 21267 | Lair:6   | Paralysed by a hornet for 1 turns
 21592 | Lair:6   | Paralysed by a hornet for 3 turns
 21658 | Lair:6   | HP: 5/149 [tyrant leech (16)]
 21677 | Lair:6   | HP: 6/149 [tyrant leech (12)]
 21683 | Lair:6   | Mangled by a tyrant leech

Illustrated notes

Levels and vault maps discovered:
D:1:      ldierk_walled_garden, layout_loops_ring
D:2:      layout_loops_ring
D:3:      layout_loops_ring, gammafunk_ghost_necromancy, uniq_robin
D:4:      layout_loops_ring, nicolae_ossuary_entry_monument, serial_shops, shop,
          small_statue_intersection, doesnt_xom_only_xom, uniq_grinder
D:5:      cheibrodos_fertilizer, layout_loops_ring, grunt_decor_junction,
          minmay_misc_feat_five
D:6:      layout_basic, minmay_temple_entry_antechambers
D:7:      layout_loops_ring, zin_treasury
D:8:      layout_cave_pods, minmay_quadrilaterals, uniq_joseph
D:9:      hangedman_screamer, layout_loops_cross, grunt_lair_entry_orc_guard_hut
D:10:     layout_irregular_city, uniq_grum
D:11:     layout_cave_pools, kennysheep_orc_monster_closet_entryway,
          nicolae_trove_entry_diagonal
Lair:1:   layout_loops_ring, serial_bayou_lagoon_b
Lair:2:   layout_misc_corridors, minmay_swamp_entry_worms,
          guppyfry_snake_entry_garden, infiniplex_staircase_pool_2,
          minmay_lair_oklob_chamber, uniq_gastronok
Lair:3:   layout_chaotic_city, lightli_volcano_entry_magma_tube
Lair:4:   layout_gridlike, kennysheep_rathole
Lair:5:   layout_small_grid
Lair:6:   hangedman_lair_caniforms_friends, layout_loops_ring, wormcave,
          minmay_slime_entry_eyes, serial_bayou_shore_b, uniq_josephine

Skill      XL: |  1  2  3  4  5  6  7  8  9 10 11 12 13 14 |
---------------+-------------------------------------------+-----
Maces & Flails | 3 4 5 6 7 9 10 12 13 14 15 17 18 | 18.3
Throwing       | 1 |  1.0
Fighting       | 4 6 10 12 | 12.0
Dodging        | |  2.4
Summonings     | |  0.1

Action                   |  1- 3 |  4- 6 |  7- 9 | 10-12 | 13-15 || total
-------------------------+-------+-------+-------+-------+-------++-------
Melee: Mace              |   112 |   244 |   299 |       |       ||   655
       Giant club        |       |       |    75 |       |       ||    75
       Morningstar       |       |       |    74 |    21 |       ||    95
       Dire flail        |       |       |       |   654 |   545 ||  1199
Throw: Stone             |       |       |    52 |    23 |       ||    75
       Large rock        |       |       |    15 |    14 |     9 ||    38
       Dart              |       |       |       |     4 |    17 ||    21
Invok: Berserk           |       |     5 |     6 |     6 |     1 ||    18
       Trog's Hand       |       |     1 |       |       |       ||     1
       Brothers in Arms  |       |       |       |     1 |     1 ||     2
Evoke: Wand              |       |     2 |     1 |    10 |       ||    13
  Use: Potion            |     1 |     3 |     1 |     4 |     5 ||    14
       Scroll            |     1 |     2 |     7 |     8 |     5 ||    23
 Stab: Sleeping          |     1 |     1 |       |       |       ||     2
       Distracted        |       |       |       |     1 |       ||     1
       Petrified         |       |       |       |       |     2 ||     2
Armor: Animal skin       |    49 |   116 |   119 |    87 |       ||   371
       Robe              |       |       |       |     5 |   139 ||   144
Dodge: Dodged            |    85 |   146 |   166 |   293 |   240 ||   930
